 Dungeon Crawl Stone Soup version 0.18-a0-1688-gcd67086 (webtiles) character file.

11926 Eucla the Grappler (level 11, -7/113 HPs)
             Began as a Troll Monk on Apr 5, 2016.
             Was a High Priest of Hepliaklqana.
             Mangled by a 14-headed hydra (13 damage)
             ... on level 1 of the Lair of Beasts.
             The game lasted 00:21:41 (8901 turns).

Eucla the Grappler (Troll Monk)                     Turns: 8901, Time: 00:21:41

Health: -7/113     AC: 10    Str: 21    XL:     11   Next: 55%
Magic:  10/10      EV: 14    Int:  6    God:    Hepliaklqana [*****.]
Gold:   17         SH:  0    Dex: 15    Spells: 0 memorised, 10 levels left

rFire  . . .     SeeInvis .       - Unarmed
rCold  . . .     Gourm    +     E - +0 troll leather armour
rNeg   . . .     Faith    .     (no shield)
rPois  .         Spirit   .     (helmet restricted)
rElec  .         Dismiss  .     n - +2 cloak
rCorr  .         Reflect  .     (gloves unavailable)
SustAt .         Harm     .     (boots unavailable)
MR     .....                    (no amulet)
Stlth  ++........               (no ring)
                                (no ring)

@: very slightly contaminated, invisible, not resistant to hostile enchantments,
unstealthy
A: unfitting armour, claws 3, fast metabolism 3, gourmand, regeneration 2,
shaggy fur 1, tough skin 2
a: Recall Ancestor, Ancestor Identity, Transference, Idealise, Renounce Religion


You were on level 1 of the Lair of Beasts.
You worshipped Hepliaklqana.
Hepliaklqana was extremely pleased with you.
You were completely stuffed.

You visited 3 branches of the dungeon, and saw 13 of its levels.

You collected 633 gold pieces.
You spent 616 gold pieces at shops.

Inventory:

Missiles
 L - 8 large rocks (quivered)
Armour
 n - a +2 cloak (worn)
 E - a +0 troll leather armour (worn)
 S - a +1 shield of poison resistance
Jewellery
 t - a +3 ring of intelligence
Wands
 a - a wand of iceblast (10/15)
 u - a wand of lightning (15/15)
Scrolls
 g - 4 scrolls of remove curse
 i - a scroll of enchant weapon
 l - a scroll of teleportation
 q - 3 scrolls of magic mapping
 A - 3 scrolls of fog
 F - 2 scrolls of amnesia
Potions
 c - a potion of brilliance
 d - a potion of heal wounds
 e - 5 potions of curing
 j - a potion of ambrosia
 r - 2 potions of agility
 s - a potion of haste
 z - 2 potions of flight
 B - 2 potions of berserk rage
 C - 2 potions of might
 G - a potion of lignification {unknown}
 Q - a potion of cure mutation {unknown}
Books
 J - a book of Summonings

   Spells                             Type                      Level
   a - Recall                         Summoning/Translocation      3
   b - Aura of Abjuration             Summoning                    5
   c - Summon Demon                   Summoning                    5
   d - Summon Forest                  Summoning/Translocation      5
   e - Summon Mana Viper              Hexes/Summoning              5
   f - Shadow Creatures               Summoning                    6
 P - a book of Frost

   Spells                             Type                      Level
   a - Freeze                         Ice                          1
   b - Throw Frost                    Conjuration/Ice              2
   c - Ozocubu's Armour               Charms/Ice                   3
   d - Throw Icicle                   Conjuration/Ice              4
   e - Summon Ice Beast               Ice/Summoning                4
Comestibles
 b - 8 bread rations
 f - 3 meat rations
 h - 2 beef jerkies
 o - 2 slices of pizza
 H - a chunk of flesh


   Skills:
 + Level 8.4 Fighting
 + Level 8.2 Dodging
 - Level 1.1 Stealth
 * Level 13.2 Unarmed Combat


You had 10 spell levels left.
You didn't know any spells.

Dungeon Overview and Level Annotations

Branches:
Dungeon (11/15)            Temple (1/1) D:4            Lair (1/8) D:11
    Orc (0/2) D:10

Altars:
Ashenzari
Cheibriados
Dithmenos
Elyvilon
Fedhas
Gozag
Hepliaklqana
Kikubaaqudgha
Makhleb
Nemelex Xobeh
Okawaru
Pakellas
Qazlal
Ru
Ukayaw
Vehumet
Xom
Yredelemnul
Zin
The Shining One

Shops:
D:10 ?   D:11 **??


Innate Abilities, Weirdness & Mutations

You are too large for most types of armour.
You have claws for hands.
Your metabolism is lightning-fast.
You like to eat raw meat.
You heal very quickly.
You are covered in fur (AC +1).
You have very tough skin (AC +2).


Message History

The 13-headed hydra misses you.
The 13-headed hydra barely misses you. x2
The 13-headed hydra bites you!
* * * LOW HITPOINT WARNING * * *
The wolf bites you.
* * * LOW HITPOINT WARNING * * *
The wolf misses you. The wolf bites you but does no damage.
You are too injured to fight recklessly!
You strike the helpless 13-headed hydra from behind!
You tear one of the 13-headed hydra's heads off!
The 12-headed hydra grows two more!
You claw the 14-headed hydra! You claw the 14-headed hydra!!
The 14-headed hydra is almost dead.
The wolf closely misses you. The wolf bites you but does no damage.
The wolf barely misses you. The 14-headed hydra closely misses you.
The 14-headed hydra bites you!
* * * LOW HITPOINT WARNING * * *
The 14-headed hydra bites you.
* * * LOW HITPOINT WARNING * * *
The 14-headed hydra bites you!
You die...

............
........................
........................
.......................#
..#....................#
.#......................
#.P.....................
................D.......
.##.............@h.....#
..#.............hh......
......†............$....
........†.†.............
.........†...%..........
........................
#......................>
#...............#.......
........................


You could see a 14-headed hydra and 3 wolves.

Vanquished Creatures
  A death yak (D:11)
  A hill giant (D:10)
  2 cyclopes
  Joseph (D:8)
  An elephant (D:11)
  Maurice (D:8)
  2 gargoyles
  3 trolls
  A two-headed ogre (D:11)
  4 blink frogs (Lair:1)
  A vampire (D:11)
  Sigmund (D:2)
  A yak (D:7)
  A wyvern (D:11)
  A hog (D:7)
  A human (D:7)
  A hippogriff (D:11)
  3 hungry ghosts
  A black bear (D:6)
  5 orc warriors
  3 ice beasts
  A sky beast (D:7)
  4 ogres
  A phantom (D:8)
  A centaur (D:9)
  2 crocodiles (D:11)
  A big kobold (D:10)
  5 giant frogs
  2 gnoll sergeants (D:10)
  9 scorpions
  7 killer bees
  6 howler monkeys
  3 crimson imps
  3 centaur zombies
  2 giant frog zombies
  2 jellies
  3 hounds
  A centaur skeleton (D:8)
  A gnoll shaman (D:7)
  5 orc priests
  Crazy Yiuf (D:2)
  Jessica (D:2)
  Ijyb (D:2)
  A knight (D:10)
  15 orc wizards
  4 iguanas
  3 worker ants
  2 sheep (D:11)
  A hound zombie (D:8)
  A hound skeleton (D:10)
  A worker ant zombie (D:8)
  9 adders
  10 gnolls
  14 river rats (Lair:1)
  A shadow imp (D:10)
  An adder zombie (D:9)
  3 adder skeletons
  A worm (D:3)
  A dart slug (D:1)
  6 giant geckos
  34 orcs
  7 giant cockroaches
  7 goblins
  5 hobgoblins
  19 jackals
  14 kobolds
  4 quokkas
  9 bats
  A giant gecko skeleton (D:5)
  4 giant newts
  A quokka skeleton (D:9)
  8 rats
285 creatures vanquished.

Vanquished Creatures (collateral kills)
  A troll (D:10)
  A hippogriff (D:8)
  A hog (D:7)
  A water moccasin (Lair:1)
  An ice beast (D:6)
  A phantom (D:5)
  A big kobold (D:10)
  A giant frog (D:6)
  A scorpion (D:4)
  2 killer bees
  A howler monkey (D:10)
  2 crimson imps (D:9)
  2 orc priests
  3 orc wizards
  2 sheep
  An adder (D:6)
  A shadow imp (D:8)
  9 orcs
  A jackal (D:4)
  A quokka (D:6)
  A bat (D:4)
  A giant newt (D:5)
  2 kobolds (D:10)
38 creatures vanquished.

Vanquished Creatures (others)
  A two-headed ogre (D:8)
  An orc warrior (D:8)
  A black bear (D:8)
  A wight (D:8)
  3 knights
  An adder (D:8)
  A giant gecko (D:8)
  A quokka (D:8)
  A fungus (D:4)
11 creatures vanquished.

Grand Total: 334 creatures vanquished

Notes
Turn   | Place    | Note
--------------------------------------------------------------
     0 | D:1      | Eucla the Troll Monk began the quest for the Orb.
     0 | D:1      | Reached XP level 1. HP: 22/22 MP: 0/0
   177 | D:1      | Reached XP level 2. HP: 23/29 MP: 1/1
   817 | D:2      | Found a faded altar to an unknown god.
   831 | D:2      | Reached XP level 3. HP: 36/36 MP: 2/2
   853 | D:2      | Found a burning altar of Makhleb.
   914 | D:2      | Noticed Sigmund
   924 | D:2      | Noticed Jessica
   944 | D:1      | Reached XP level 4. HP: 14/44 MP: 3/3
  1108 | D:2      | Killed Jessica
  1108 | D:2      | Reached skill level 5 in Unarmed Combat
  1116 | D:2      | Killed Sigmund
  1116 | D:2      | Reached XP level 5. HP: 41/53 MP: 4/4
  1152 | D:2      | Noticed Ijyb
  1160 | D:2      | Killed Ijyb
  1350 | D:2      | Reached XP level 6. HP: 61/61 MP: 5/5
  1537 | D:2      | Noticed Crazy Yiuf
  1544 | D:2      | Killed Crazy Yiuf
  1544 | D:2      | Reached skill level 6 in Unarmed Combat
  1717 | D:3      | Found a radiant altar of Vehumet.
  2210 | D:4      | Found a staircase to the Ecumenical Temple.
  2280 | Temple   | Entered the Ecumenical Temple
  2298 | Temple   | Became a worshipper of Hepliaklqana
  2298 | Temple   | Reached * piety under Hepliaklqana
  2298 | Temple   | Reached ** piety under Hepliaklqana
  2307 | Temple   | Remembered your ancestor Tlalli as a knight
  2407 | D:4      | Found an ancient bone altar of Kikubaaqudgha.
  2410 | D:4      | Found a basalt altar of Yredelemnul.
  2411 | D:4      | Found an oddly glowing altar of Pakellas.
  2413 | D:4      | Found a blossoming altar of Fedhas.
  2573 | D:4      | Reached XP level 7. HP: 62/68 MP: 6/6
  2927 | D:4      | Reached skill level 7 in Unarmed Combat
  2996 | D:5      | Entered Level 5 of the Dungeon
  3179 | D:5      | Reached XP level 8. HP: 75/79 MP: 7/7
  3313 | D:5      | Reached skill level 8 in Unarmed Combat
  3460 | D:5      | Got a bound turquoise ring
  3461 | D:5      | Identified the ring "Wupnen" {rPois AC+1 Str+4 SInv} (You found it on level 5 of the Dungeon)
  3986 | D:6      | Reached *** piety under Hepliaklqana
  3990 | D:6      | Found a shattered altar of Ashenzari.
  4027 | D:6      | Reached skill level 5 in Fighting
  4088 | D:6      | Reached skill level 5 in Dodging
  4413 | D:6      | Reached skill level 9 in Unarmed Combat
  4722 | D:7      | Reached XP level 9. HP: 63/88 MP: 8/8
  5250 | D:7      | Reached skill level 10 in Unarmed Combat
  5422 | D:8      | Noticed Joseph
  5431 | D:8      | Killed Joseph
  5555 | D:8      | Noticed Maurice
  5556 | D:8      | Found a shadowy altar of Dithmenos.
  5582 | D:8      | Killed Maurice
  5605 | D:8      | Found a sacrificial altar of Ru.
  5719 | D:8      | Reached XP level 10. HP: 64/100 MP: 9/9
  5776 | D:8      | Found a glowing silver altar of Zin.
  5776 | D:8      | Found an opulent altar of Gozag.
  5804 | D:8      | Found a shimmering altar of Xom.
  5862 | D:8      | Found a glowing golden altar of the Shining One.
  5920 | D:8      | Reached skill level 11 in Unarmed Combat
  6069 | D:9      | Found a stormy altar of Qazlal.
  6154 | D:9      | Reached **** piety under Hepliaklqana
  6290 | D:9      | Found a white marble altar of Elyvilon.
  6561 | D:9      | Found a hide-covered altar to Ukayaw.
  6562 | D:9      | Found a stormy altar of Qazlal.
  6629 | D:9      | Found a snail-covered altar of Cheibriados.
  6796 | D:10     | Entered Level 10 of the Dungeon
  7023 | D:10     | Noticed a cyclops
  7032 | D:10     | Killed a cyclops
  7069 | D:10     | Noticed a gargoyle
  7077 | D:10     | Killed a gargoyle
  7077 | D:10     | Reached skill level 12 in Unarmed Combat
  7146 | D:10     | Found a staircase to the Orcish Mines.
  7385 | D:10     | Found Suekhlod's Magic Scroll Emporium.
  7499 | D:10     | Found a sacrificial altar of Ru.
  7553 | D:10     | Noticed a hill giant
  7561 | D:10     | Killed a hill giant
  7573 | D:11     | Noticed a cyclops
  7587 | D:11     | Killed a cyclops
  7587 | D:11     | Reached XP level 11. HP: 46/110 MP: 10/10
  7709 | D:11     | Found Cohoiq's Magic Scroll Shoppe.
  7780 | D:11     | Noticed a death yak
  7781 | D:11     | Found a staircase to the Lair.
  7807 | D:11     | Your ally Tlalli died
  7808 | D:11     | Killed a death yak
  7931 | D:11     | Found Sayp's Magic Scroll Boutique.
  7933 | D:11     | Found Mebuy's General Store.
  7999 | D:11     | Found Pag Hut's Assorted Antiques.
  8199 | D:11     | Your ally Tlalli died
  8399 | D:11     | Reached skill level 13 in Unarmed Combat
  8589 | D:10     | Bought a scroll of acquirement for 572 gold pieces
  8589 | D:10     | Bought a scroll of identify for 22 gold pieces
  8589 | D:10     | Bought a scroll of identify for 22 gold pieces
  8607 | D:10     | Your ally Tlalli died
  8701 | Lair:1   | Entered Level 1 of the Lair of Beasts
  8872 | Lair:1   | Reached ***** piety under Hepliaklqana
  8885 | Lair:1   | Noticed a five-headed hydra
  8899 | Lair:1   | Your ally Tlalli died
  8901 | Lair:1   | Mangled by a 14-headed hydra

Vault maps used:
D:1:      grunt_arrival_lava_bath
D:2:      makhleb_heckhound_becter, ecumenical_altar_1, uniq_sigmund, uniq_iyjb,
          uniq_crazy_yiuf_cottage, uniq_jessica
D:3:      vehumet_crystals, hex_medium
D:4:      old_forge, grunt_temple_overflow_open, minmay_temple_entry_crystal_x
D:5:      first_bread
D:6:      ashenzari_altar_1
D:7:      grunt_livestock
D:8:      grunt_temple_overflow_gold_and_silver, xom_confusion_cloud, tso_altar,
          minitemple, uniq_maurice, uniq_joseph
D:9:      marbit_many_paths, cheibriados_altar_wand_db,
          gammafunk_temple_overflow_pools, nicolae_qazlal_style_of_elements
D:10:     kennysheep_orc_monster_closet_entryway, serial_shops,
          nicolae_shop_statue_plus, nicolae_ru_path_of_blood
D:11:     david_lair_generic, serial_shops, shop, nicolae_shop_stone,
          nicolae_shop_window_shopping, shop
Temple:   circular_temple_6
Lair:1:   uniq_fannar

Skill      XL: |  1  2  3  4  5  6  7  8  9 10 11 |
---------------+----------------------------------+-----
Fighting       | 3 4 5 6 7 8 |  8.4
Unarmed Combat | 5 6 7 9 10 12 13 | 13.2
Dodging        | 3 4 5 6 7 8 |  8.2
Stealth        | |  1.1

Action                   |  1- 3 |  4- 6 |  7- 9 | 10-12 || total
-------------------------+-------+-------+-------+-------++-------
Melee: Unarmed           |    74 |   134 |   147 |   406 ||   761
       Double sword      |       |       |   107 |       ||   107
Invok: Ancestor Life: Kn |       |     1 |       |       ||     1
       Recall Ancestor   |       |       |     1 |       ||     1
  Use: Scroll            |       |       |    14 |    14 ||    28
       Potion            |       |       |       |     4 ||     4
 Stab: Sleeping          |     6 |     4 |     1 |     2 ||    13
       Distracted        |       |       |     2 |     2 ||     4
       Invisible         |       |       |       |     3 ||     3
  Eat: Chunk             |    14 |    10 |    15 |    37 ||    76
       Meat ration       |       |       |     3 |       ||     3
       Royal jelly       |       |       |     1 |       ||     1
       Pizza             |       |       |       |     6 ||     6
